 Dungeon Crawl Stone Soup version 0.30.1-11-g7821555f0a (webtiles) character file.

Game seed: 12866228950546684842

110 booth the Chopper (level 4, -6/41 HPs)
             Began as a Hill Orc Monk on Nov 27, 2023.
             Mangled by a gnoll
             ... wielding a +2 spear of flaming
              (7 damage)
             ... on level 3 of the Dungeon.
             The game lasted 00:07:50 (1655 turns).

booth the Chopper (Hill Orc Monk)                   Turns: 1655, Time: 00:07:50

Health: -6/41      AC:  2    Str: 15    XL:     4   Next: 91%
Magic:  0/4        EV: 12    Int: 10    God:
Gold:   135        SH:  0    Dex: 13    Spells: 3/3 levels left

rFire   . . .        a - +0 hand axe
rCold   . . .        d - orb {light}
rNeg    . . .        b - +0 robe
rPois   .            (no helmet)
rElec   .            (no cloak)
rCorr   .            (no gloves)
SInv    .            (no boots)
Will    .....        i - amulet of guardian spirit
Stlth   +            (no ring)
HPRegen 0.26/turn    (no ring)
MPRegen 0.09/turn

%: guardian spirit
@: glowing
A: no striking features
a: no special abilities


You were on level 3 of the Dungeon.
You visited 1 branch of the dungeon, and saw 3 of its levels.

You collected 135 gold pieces.

Inventory:

Hand Weapons
 a - a +0 hand axe (weapon)
Missiles
 j - 5 poisoned darts (quivered)
Armour
 b - a +0 robe (worn)
 d - an orb of light (worn)
Jewellery
 h - an amulet of magic regeneration
 i - an amulet of guardian spirit (around neck)
Potions
 c - 2 potions of ambrosia
 e - a potion of brilliance
 g - a potion of resistance
 m - a potion of curing


   Skills:
 + Level 4.7 Fighting
 * Level 6.1 Axes
 - Level 2.5 Dodging


You had 3 spell levels left.
You didn't know any spells.
Your spell library was empty.

Dungeon Overview and Level Annotations

Branches:
Dungeon (3/15)

Altars:
Yredelemnul

Shops:
D:2 (


Message History

The gnoll closely misses you.
Things that are here:
a +0 whip; a poisoned dart; a gnoll corpse You hit the gnoll.
You kill the gnoll!
A gnoll comes into view. It is wielding a +2 spear of flaming.
You aren't carrying any scrolls.
It was a potion of curing.
You feel better.
Throw: 7 darts (poison)
Press: ? - help, Q - select action Shift-Dir - straight line, f - gnoll
Aim: a gnoll, wielding a +2 spear of flaming (haloed, 82% to hit)
You throw a poisoned dart. The poisoned dart hits the gnoll.
The gnoll hits you with a +2 spear of flaming.
The gnoll burns you.
You completely miss the gnoll.
The gnoll hits you with a +2 spear of flaming!
* * * LOW HITPOINT WARNING * * *
The gnoll burns you.
* * * LOW HITPOINT WARNING * * *
You barely miss the gnoll. The gnoll closely misses you.
You hit the gnoll.
The gnoll is moderately wounded.
The gnoll closely misses you.
You hit the gnoll.
The gnoll is heavily wounded.
The gnoll closely misses you.
You hit the gnoll.
The gnoll is severely wounded.
The gnoll hits you with a +2 spear of flaming.
* * * LOW HITPOINT WARNING * * *
The gnoll burns you.
* * * LOW HITPOINT WARNING * * *
Throw: 6 darts (poison)
Press: ? - help, Q - select action Shift-Dir - straight line, f/p - gnoll
Aim: a gnoll, wielding a +2 spear of flaming (severely wounded, haloed, 82% to hit)
You throw a poisoned dart. The poisoned dart hits the gnoll.
The gnoll is poisoned.
The gnoll is severely wounded.
The gnoll hits you with a +2 spear of flaming!
You die...

#.# #.# #.# #.# #.# #.#
#.# #.# #.# #g# #.# #.#
#.# #.# ####.# #.# #
#.# ##....# #.# #
#.####.....#######.#
####............@g((.(#
.....###.......########
####.# #.#...#.# # #.#
#.##.##.# ####.#
#.##....# #....#
#.####..# ..#### #.#
#..# ### #.. ...#


You could see a gnoll (poisoned).

Vanquished Creatures
  A scorpion (D:3)
  2 gnolls (D:3)
  An adder (D:2)
  An endoplasm (D:1)
  A goblin (D:1)
  6 hobgoblins
  3 quokkas (D:1)
  2 ball pythons
  3 bats
  A frilled lizard (D:1)
  3 kobolds
  4 rats
28 creatures vanquished.

Notes
Turn   | Place    | Note
-------+----------+-------------------------------------------
     0 | D:1      | booth the Hill Orc Monk began the quest for the Orb.
     0 | D:1      | Reached XP level 1. HP: 19/19 MP: 1/1
   267 | D:1      | Reached XP level 2. HP: 23/27 MP: 2/2
   918 | D:2      | Found Ahioti's Weapon Shop.
   971 | D:2      | Reached XP level 3. HP: 22/33 MP: 1/3
   986 | D:2      | Reached skill level 5 in Axes
  1047 | D:2      | Found a basalt altar of Yredelemnul.
  1485 | D:3      | Noticed a scorpion
  1500 | D:3      | Killed a scorpion
  1501 | D:3      | Reached XP level 4. HP: 17/41 MP: 0/4
  1643 | D:3      | Reached skill level 6 in Axes
  1654 | D:3      | HP: 2/41 [gnoll/+2 spear of flaming (5)]
  1655 | D:3      | Mangled by a gnoll

Illustrated notes

Levels and vault maps discovered:
D:1:      psy_arrival_whirlpool, layout_basic, item_on_display_a
D:2:      layout_rooms, serial_shops, nicolae_shop_bloodbath_and_beyond,
          basic_altar
D:3:      layout_loops_ring, bloody_makhleb, serial_shops, shop

Skill      XL: |  1  2  3  4 |
---------------+-------------+-----
Fighting       | 4 |  4.7
Axes           | 5 6 |  6.1
Dodging        | |  2.5

Action                     |  1- 3 |  4- 6 || total
---------------------------+-------+-------++-------
  Melee: Hand axe          |    95 |    19 ||   114
  Throw: Dart              |       |     6 ||     6
    Use: Scroll            |     5 |     1 ||     6
         Potion            |     2 |     1 ||     3
 Armour: Robe              |    20 |     1 ||    21
  Dodge: Dodged            |    61 |    12 ||    73
